 Dungeon Crawl Stone Soup version 0.31.0-9-g3a7656b989 (webtiles) character file.

Game seed: 17803692242867705509

165 qw the Shooter (level 5, -4/26 HPs)
             Began as a Spriggan Hunter on Feb 2, 2024.
             Slain by Pikel
             ... wielding a +1 whip of freezing
              (10 damage)
             ... on level 4 of the Dungeon.
             The game lasted 00:00:07 (1897 turns).

qw the Shooter (Spriggan Hunter)                    Turns: 1897, Time: 00:00:08

Health: -4/26      AC:  2    Str:  7    XL:     5   Next: 22%
Magic:  6/6        EV: 20    Int: 11    God:
Gold:   172        SH:  0    Dex: 20    Spells: 4/4 levels left

rFire   . . .        a - +0 shortbow
rCold   . . .        (shield currently unavailable)
rNeg    . . .        c - +0 robe
rPois   .            (helmet restricted)
rElec   .            (no cloak)
rCorr   .            (gloves unavailable)
SInv    +            (boots unavailable)
Will    .....        (no amulet)
Stlth   ++           (no ring)
HPRegen 0.24/turn    (no ring)
MPRegen 0.10/turn

%: no passive effects
@: about to teleport, very quick
A: very small, no large weapons, unfitting armour, see invisible, speed 3
a: no special abilities


You were on level 4 of the Dungeon.
You visited 1 branch of the dungeon, and saw 4 of its levels.

You collected 172 gold pieces.


Innate Abilities, Weirdness & Mutations

You are very small and have problems with some larger weapons.
You are too small for most types of armour.
You have supernaturally acute eyesight. (SInv)
You cover ground extremely quickly. (Speed+++)


   Skills:
 - Level 2.0 Fighting
 + Level 5.3 Ranged Weapons
 - Level 5.2 Dodging
 - Level 1.5 Stealth


You had 4 spell levels left.
You didn't know any spells.
Your spell library was empty.

Inventory:

Hand Weapons
 a - a +0 shortbow (weapon)
Armour
 c - a +0 robe (worn)
Scrolls
 h - a scroll of teleportation
Potions
 b - a potion of curing
 e - a potion of enlightenment
 f - a potion of cancellation {unknown}
 g - a potion of brilliance {unknown}
 i - a potion of lignification {unknown}
 j - a potion of degeneration {unknown}

Dungeon Overview and Level Annotations

Branches:
Dungeon (4/15)
 Temple: D:4-7

Altars:

Shops:
D:1 (

Annotations:
D:4 Pikel


Message History

The lemure hits you. x2
You shoot an arrow. The arrow hits the lemure.
The lemure is severely wounded.
The lemure misses you.
You shoot an arrow. The arrow closely misses the lemure.
The arrow barely misses Pikel.
The arrow hits the lemure but does no damage.
The lemure is moderately wounded.
You shoot an arrow. The arrow hits Pikel.
Pikel is lightly wounded.
You shoot an arrow. The arrow hits Pikel.
Pikel is lightly wounded.
Pikel hits you with a +1 whip of freezing.
Pikel freezes you.
You shoot an arrow. The arrow hits Pikel.
Pikel is lightly wounded.
Pikel hits you with a +1 whip of freezing.
Pikel freezes you.
You shoot an arrow. The arrow misses Pikel.
The arrow hits the lemure.
The lemure is almost dead.
Pikel closely misses you.
You shoot an arrow.
The arrow hits Pikel but does no damage.
Pikel is lightly wounded.
Pikel completely misses you.
Pikel hits you with a +1 whip of freezing.
Pikel freezes you.
1895 ||| READING 2 scrolls of teleportation.
As you read the scroll of teleportation, it crumbles to dust.
You feel strangely unstable. Pikel completely misses you.
You shoot an arrow. The arrow barely misses Pikel.
The arrow misses the lemure.
The arrow hits the lemure but does no damage.
The lemure is lightly wounded.
Pikel completely misses you.
You shoot an arrow. The arrow hits Pikel.
Pikel is moderately wounded.
Pikel hits you with a +1 whip of freezing!
You die...
Pikel says, "See you in Hell!"

#
#.#############.
#.......@K55....
#.....####5.#.#.
#..##.# .# ....
#<.# .. ... #..#
.. .. ...... #.
# ...#.###..
#.....# ...
#.#.### ..


You could see Pikel and 3 lemures.

Vanquished Creatures
  A bombardier beetle (D:3)
  4 gnolls (D:3)
  3 adders (D:2)
  2 dart slugs (D:3)
  2 ribbon worms (D:2)
  5 ball pythons
  3 endoplasms
  A giant cockroach (D:1)
  6 goblins
  8 hobgoblins
  4 jackals (D:1)
  10 bats
  4 frilled lizards
  7 kobolds
60 creatures vanquished.

Notes
Turn   | Place    | Note
-------+----------+-------------------------------------------
     0 | D:1      | qw the Spriggan Hunter began the quest for the Orb.
     0 | D:1      | Reached XP level 1. HP: 10/10 MP: 2/2
     0 | D:1      | 0 ||| qw: Version: 0.3-a-155-g5e7d8dd
     0 | D:1      | 0 ||| qw: Game counter: 1056
     0 | D:1      | 0 ||| qw: Melee chars always use a shield: true
     0 | D:1      | 0 ||| qw: God list: Okawaru
     0 | D:1      | 0 ||| qw: Allow faded altars: false
     0 | D:1      | 0 ||| qw: Do Orc after clearing Dungeon:15 true
     0 | D:1      | 0 ||| qw: Do second Lair branch before Depths: true
     0 | D:1      | 0 ||| qw: Lair rune preference: random
     0 | D:1      | 0 ||| qw: Goals: Normal
     0 | D:1      | 0 ||| PLANNING D:1-11
    24 | D:1      | Found a faded altar of an unknown god.
    28 | D:1      | Reached skill level 3 in Dodging
    77 | D:1      | Reached XP level 2. HP: 14/14 MP: 3/3
    87 | D:1      | Found Asughuag's Weapon Boutique.
    87 | D:1      | Noticed a +0 executioner's axe
    90 | D:1      | Noticed a +0 demon whip
    93 | D:1      | 93 ||| READING scroll labelled JEFIFEYTHRED.
    94 | D:1      | 94 ||| READING scroll labelled RUSTRE WOCIDUTT.
    94 | D:1      | 94 ||| IDENTIFYING metallic golden potion
   105 | D:1      | 105 ||| SHOPLISTING +3 orcbow of electrocution (359 gold,
                  | have 14).
   300 | D:1      | Reached XP level 3. HP: 18/18 MP: 4/4
   378 | D:1      | 378 ||| READING 2 scrolls labelled GOSUAT HIDURHUL.
   379 | D:1      | 379 ||| READING 2 scrolls labelled HEXINUBLIBB.
   384 | D:1      | 384 ||| READING scroll labelled ASKERASKOVI.
   385 | D:1      | 385 ||| DROPPING scroll of butterflies.
   386 | D:1      | 386 ||| DROPPING potion of attraction.
   387 | D:1      | 387 ||| DROPPING scroll of noise.
   669 | D:2      | Reached XP level 4. HP: 22/22 MP: 5/5
  1137 | D:2      | 1137 ||| READING scroll of identify.
  1137 | D:2      | 1137 ||| IDENTIFYING sedimented puce potion
  1138 | D:2      | 1138 ||| READING scroll labelled GOZOACV SALE.
  1139 | D:2      | 1139 ||| READING scroll labelled ANI COUNKIE.
  1140 | D:2      | 1140 ||| DRINKING 2 viscous cyan potions.
  1369 | D:3      | Reached XP level 5. HP: 11/26 MP: 6/6
  1377 | D:3      | HP: 5/26 [gnoll/+0 spear (6)]
  1378 | D:3      | 1378 ||| READING 3 scrolls of teleportation.
  1841 | D:3      | 1841 ||| READING scroll labelled REAPUSERIG.
  1880 | D:4      | Noticed a lemure
  1880 | D:4      | Noticed a lemure
  1881 | D:4      | Noticed a lemure
  1882 | D:4      | Noticed a lemure
  1882 | D:4      | Noticed Pikel
  1894 | D:4      | HP: 6/26 [Pikel/+1 whip of freezing (1)]
  1895 | D:4      | 1895 ||| READING 2 scrolls of teleportation.
  1897 | D:4      | Slain by Pikel

Levels and vault maps discovered:
D:1:      saegor_arrival_simple_a, layout_rooms, serial_shops,
          nicolae_shop_mannequins, basic_ecumenical_altar, amethyst_killhole
D:2:      layout_loops_ring, minmay_close_crescents
D:3:      layout_loops_ring, minmay_misc_feat_hallway
D:4:      gammafunk_cloud_chamber, layout_basic, fedhas_altar_4,
          chequers_temple_overflow_minitemple, uniq_pikel, uniq_duvessa

Skill      XL: |  1  2  3  4 |
---------------+-------------+-----
Dodging        | 3 4 5 |  5.2
Ranged Weapons | 5 |  5.3
Fighting       | 2 |  2.0
Stealth        | |  1.5

Action                     |  1- 3 |  4- 6 || total
---------------------------+-------+-------++-------
   Fire: Shortbow          |   103 |   100 ||   203
    Use: Scroll            |     5 |     6 ||    11
         Potion            |       |     1 ||     1
 Armour: Robe              |     8 |    13 ||    21
  Dodge: Dodged            |    48 |    44 ||    92

Table legend:
 A = Non-vault XP
 B = Vault XP
 C = Vault XP percentage of total XP
 D = Non-vault monster count
 E = Vault monster count
 F = Vault count percentage of total count
                 A         B        C        D         E       F
            +---------+---------+-------+---------+---------+-------
      Total |     228 |       9 |   3.8 |      55 |       5 |   8.3
            +---------+---------+-------+---------+---------+-------
        D:1 |      45 |       0 |   0.0 |      26 |       0 |   0.0
        D:2 |      60 |       9 |  13.0 |      15 |       5 |  25.0
        D:3 |     123 |       0 |   0.0 |      14 |       0 |   0.0
            +---------+---------+-------+---------+---------+-------
